 Dungeon Crawl Stone Soup version 0.21.0-24-g2553a33 (webtiles) character file.

249 Monsterracer the Ruffian (level 6, -17/48 HPs)
             Began as a Ghoul Skald on Jan 19, 2018.
             Was a Follower of Trog.
             Demolished by an ogre
             ... wielding a +0 giant club
              (28 damage)
             ... on level 4 of the Dungeon.
             The game lasted 00:05:13 (3109 turns).

Monsterracer the Ruffian (Ghoul Skald)              Turns: 3109, Time: 00:05:14

Health: -17/48     AC:  7    Str: 17    XL:     6   Next: 12%
Magic:  7/7        EV: 10    Int:  8    God:    Trog [*.....]
Gold:   128        SH:  0    Dex:  8    Spells: 7/8 levels left

rFire    . . .     SeeInvis +     - Unarmed
rCold    + . .     Gourm    .   (no shield)
rNeg     + + +     Faith    .   i - +0 scale mail
rPois    ∞         Spirit   .   a - +1 hat
rElec    .         Reflect  .   e - scarf {cloud immunity}
rCorr    .         Harm     .   (no gloves)
MR       .....                  (no boots)
Stlth    ..........             (no amulet)
HPRegen  0.00/turn              f - ring of see invisible
MPRegen  0.10/turn              (no ring)

@: about to teleport, rotting
A: rotting body, claws 1, carnivore, cold resistance 1, negative energy
resistance 3, inhibited regeneration, torment resistance, unbreathing
a: Burn Spellbooks, Renounce Religion


You were on level 4 of the Dungeon.
You worshipped Trog.
Trog was aware of your devotion.
You were not hungry.

You visited 1 branch of the dungeon, and saw 4 of its levels.

You collected 128 gold pieces.

Inventory:

Armour
 a - a +1 hat (worn)
 e - a scarf of cloud immunity (worn)
 h - a +0 plate armour
 i - a +0 scale mail (worn)
Jewellery
 f - a ring of see invisible (left claw)
Scrolls
 d - a scroll of teleportation
 g - a scroll of remove curse
Potions
 b - a potion of curing
Comestibles
 c - 8 rations
 j - 5 chunks of flesh


   Skills:
 + Level 2.3 Fighting
 + Level 1.0 Armour
 - Level 1.7 Dodging
 * Level 6.8 Unarmed Combat
 - Level 1.7 Spellcasting
 - Level 2.6 Charms


You had 7 spell levels left.
You knew the following spells:

 Your Spells              Type           Power        Failure   Level  Hunger
a - Infusion              Chrm           #...         41%         1    ##.....


Dungeon Overview and Level Annotations

Branches:
Dungeon (4/15)
 Temple: D:4-7

Altars:
Qazlal
Trog

Annotations:
D:2 1 runed door


Innate Abilities, Weirdness & Mutations

Your body is rotting away.
You thrive on raw meat.
You are immune to poison.
You have sharp fingernails.
You are carnivorous and can eat meat at any time.
Your flesh is cold resistant. (rC+)
You are immune to negative energy. (rN+++)
You do not regenerate when monsters are visible.
You are immune to unholy pain and torment.
You can survive without breathing.


Message History

You closely miss the phantom.
The phantom is almost destroyed.
The phantom hits you.
You take 4 damage, and have 29/41 hp.
You scratch the phantom but do no damage.
The phantom is almost destroyed.
The phantom blinks!
You scratch the phantom.
The phantom is almost destroyed.
The phantom hits you.
You take 6 damage, and have 23/41 hp.
You claw the phantom!
You destroy the phantom!
Trog accepts your kill.
Your Unarmed Combat skill increases to level 6!
You have reached level 6!
Your experience leads to an increase in your attributes!
Increase (S)trength, (I)ntelligence, or (D)exterity?
You feel stronger.
You regained 4 hp, and now have 27/48 hp.
MP restored: 7 You feel your flesh rotting away.
Eating one of 6 chunks of flesh.
You eat one of the 6 chunks of flesh.
You feel more resilient.
This raw flesh tastes great!
You now have 128 gold pieces (gained 6).
A gnoll comes into view. It is wielding a whip.
The gnoll shouts!
You hear a shout!
Health restored: 48 A gnoll is nearby!
Found a stone staircase leading down.
You claw the gnoll!
The gnoll is severely wounded.
The gnoll hits you with a whip.
A gnoll comes into view.
You take 1 damage, and have 47/48 hp.
You scratch the gnoll.
You kill the gnoll!
Trog accepts your kill. The gnoll barely misses you.
Things that are here:
a whip; a gnoll corpse You scratch the gnoll but do no damage.
The gnoll hits you but does no damage.
A gnoll comes into view.
Your scale mail prevents you from hitting the gnoll.
The gnoll barely misses you.
You scratch the gnoll.
The gnoll is heavily wounded.
The gnoll hits you.
You take 3 damage, and have 44/48 hp.
You closely miss the gnoll.
The gnoll is heavily wounded.
The gnoll closely misses you. The gnoll barely misses you.
You barely miss the gnoll.
The gnoll is heavily wounded.
The gnoll barely misses you. x2
You claw the gnoll!
You kill the gnoll!
Trog accepts your kill.
Your Armour skill increases to level 1!
The gnoll hits you but does no damage.
An ogre comes into view. It is wielding a giant club.
You barely miss the gnoll.
The ogre shouts!
You barely miss the gnoll. The gnoll barely misses you.
Unknown command.
You scratch the gnoll but do no damage. The gnoll hits you!
You take 7 damage, and have 37/48 hp.
You claw the gnoll!
The gnoll is severely wounded.
The gnoll hits you but does no damage.
You barely miss the gnoll.
The gnoll is severely wounded.
The gnoll hits you.
You take 4 damage, and have 33/48 hp.
You barely miss the gnoll.
The gnoll is severely wounded.
The ogre hits you with a giant club!
* * * LOW HITPOINT WARNING * * *
The gnoll hits you but does no damage.
You take 14 damage, and have 19/48 hp.
MASSIVE DAMAGE!!
You closely miss the gnoll.
The gnoll is severely wounded.
The gnoll closely misses you. The ogre hits you with a giant club!
* * * LOW HITPOINT WARNING * * *
You take 17 damage, and have 2/48 hp.
MASSIVE DAMAGE!!
Okay, then.
Okay, then.
Okay, then.
Okay, then.
It was a potion of curing.
You feel better. The gnoll closely misses you. The ogre closely misses you.
You regained 9 hp, and now have 11/48 hp.
You barely miss the gnoll.
The gnoll is severely wounded.
The gnoll closely misses you.
Okay, then.
As you read the scroll of teleportation, it crumbles to dust.
You feel strangely unstable. The ogre hits you with a giant club!!
Ouch! That really hurt!
You die...

########## .........# ##
########.###########.
#.# #.##.......... ##
#.##.##.#........
#####.###.........###.##
..>....#.##.#.....###.#
#g###...........# #@#
#####.####### #..O.# #.#
#..### #.# #.. #.# #.
#.# .. #.# ## #.# #.#
#..


You could see an ogre and a gnoll.

Vanquished Creatures
  A phantom (D:4)
  A worker ant (D:4)
  2 adders
  2 gnolls (D:4)
  4 dart slugs
  4 leopard geckos
  5 orcs
  7 giant cockroaches
  8 goblins
  10 hobgoblins
  9 jackals
  9 kobolds
  2 ball pythons
  9 bats
  3 frilled lizards
  3 rats (D:2)
79 creatures vanquished.

Notes
Turn   | Place    | Note
-------+----------+-------------------------------------------
     0 | D:1      | Monsterracer the Ghoul Skald began the quest for the Orb.
     0 | D:1      | Reached XP level 1. HP: 17/17 MP: 2/2
    35 | D:1      | Reached skill level 3 in Unarmed Combat
    35 | D:1      | Reached XP level 2. HP: 18/24 MP: 3/3
   256 | D:1      | HP: 10/24 [hobgoblin (3)]
   489 | D:1      | Reached XP level 3. HP: 21/29 MP: 4/4
   817 | D:1      | Reached skill level 4 in Unarmed Combat
  1462 | D:2      | Found a bloodstained altar of Trog.
  1471 | D:2      | Reached XP level 4. HP: 36/36 MP: 5/5
  1474 | D:2      | Became a worshipper of Trog the Wrathful
  1660 | D:2      | Noticed an earth elemental
  1662 | D:2      | Found a stormy altar of Qazlal.
  1665 | D:2      | Noticed a water elemental
  1665 | D:2      | Noticed a fire elemental
  1665 | D:2      | Noticed an air elemental
  1755 | D:2      | Found a runed door.
  2001 | D:3      | Reached skill level 5 in Unarmed Combat
  2360 | D:3      | HP: 11/36 [iguana (8)]
  2710 | D:4      | Reached XP level 5. HP: 32/40 MP: 6/6
  2920 | D:4      | Noticed a phantom
  2969 | D:4      | Killed a phantom
  2969 | D:4      | Reached skill level 6 in Unarmed Combat
  2969 | D:4      | Reached XP level 6. HP: 27/48 MP: 7/7
  3092 | D:4      | Reached * piety under Trog
  3099 | D:4      | Reached skill level 1 in Armour
  3105 | D:4      | HP: 19/48 [ogre/giant club (14)]
  3106 | D:4      | HP: 2/48 [ogre/giant club (17)]
  3109 | D:4      | Demolished by an ogre

Skill      XL: |  1  2  3  4  5  6 |
---------------+-------------------+-----
Unarmed Combat | 3 4 5 6 |  6.8
Armour         | 1 |  1.0
Fighting       | |  2.3
Dodging        | |  1.7
Spellcasting   | |  1.7
Charms         | |  2.6

Action                   |  1- 3 |  4- 6 || total
-------------------------+-------+-------++-------
Melee: Unarmed           |   153 |   131 ||   284
       Punch             |     3 |     2 ||     5
 Cast: Infusion          |     1 |       ||     1
Invok: Burn Spellbooks   |       |     1 ||     1
  Use: Scroll            |       |     7 ||     7
       Potion            |       |     1 ||     1
  Eat: Chunk             |     8 |     6 ||    14
Armor: Leather armour    |    28 |       ||    28
       Scale mail        |    65 |    44 ||   109
Dodge: Dodged            |   138 |    57 ||   195

Vault maps used:
D:1:      minmay_arrival_plants_in_alcoves
D:2:      bloody_trog, nicolae_qazlal_style_of_elements, uniq_crazy_yiuf_cottage
D:3:      gammafunk_temple_overflow_elements, kennysheep_pointless_box
D:4:      first_ration
